 Dungeon Crawl Stone Soup version 0.28-a0-730-g892d06dc2c (webtiles) character file.

Game seed: 9365047944651488113

92010 siradein the Champion of Chaos (level 15, -13/79 HPs)
             Began as a Demonspawn Ice Elementalist on Oct 28, 2021.
             Was the Champion of Makhleb.
             Killed from afar by a fire dragon (glowing shapeshifter) (16 damage)
             ... with a blast of flame
             ... on level 14 of the Dungeon on Oct 29, 2021.
             The game lasted 02:58:07 (39915 turns).

siradein the Champion of Chaos (DsIE)              Turns: 39915, Time: 02:58:07

Health: -13/79     AC: 15    Str:  8      XL:     15   Next: 56%
Magic:  10/19      EV: 14    Int: 17      God:    Makhleb [******]
Gold:   437        SH: 10    Dex: 12 (14) Spells: 6/32 levels left

rFire   . . .      SeeInvis +   c - staff of cold
rCold   + + .      Faith    .   O - +0 buckler
rNeg    . . .      Spirit   .   M - +0 acid dragon scales
rPois   .          Reflect  +   n - +2 hat
rElec   .          Harm     .   V - +0 cloak
rCorr   +          Rampage  .   E - +1 pair of gloves {Str+3}
Will    +....      Rage     9%  u - +2 pair of boots of Parts Unknown {rC+ Dex+3}
Stlth   +......... Rnd*Tele +   t - amulet of reflection
HPRegen 0.00/turn               K - ring of see invisible
MPRegen 0.16/turn               w - ring of wizardry

@: inhibited regen, unable to read
A: claws 2, demonic guardian 2, foul stench 2, sharp scales 1, [berserk 3],
[clumsy 2], [deformed body], [deterioration 2], [dopey 2], [frail 3], [low mp
3], [screaming 2], [inhibited regeneration], [teleportitis 2], [weak 2], [no
potion heal 2], [subdued magic 3], [inability to read while threatened]
a: Renounce Religion, Minor Destruction, Lesser Servant of Makhleb, Major
Destruction, Greater Servant of Makhleb


You were on level 14 of the Dungeon.
You worshipped Makhleb.
Makhleb was exalted by your worship.
You visited 4 branches of the dungeon, and saw 24 of its levels.
You visited the Abyss 1 time.
You also visited: Trove and Gauntlet.

You collected 2064 gold pieces.
You spent 1627 gold pieces at shops.

Inventory:

Armour
 n - a +2 hat (worn)
 u - the +2 pair of boots of Parts Unknown (worn) {rC+ Dex+3}
   (You found it on level 12 of the Dungeon)

   Dex:       It affects your dexterity (+3).
   rC:        It protects you from cold.
 E - a +1 pair of gloves of strength (worn)
 M - +0 acid dragon scales (worn)
 O - a +0 buckler (worn)
 V - a +0 cloak (worn)
Magical Staves
 c - a staff of cold (weapon)
 i - a staff of conjuration
 l - a staff of air
Jewellery
 j - a ring of poison resistance
 t - an amulet of reflection (around neck)
 w - a ring of wizardry (right hand)
 F - a ring of positive energy
 K - a ring of see invisible (left hand)
Wands
 f - a wand of iceblast (29)
 A - a wand of charming (8)
 N - a wand of mindburst (8)
 Q - a wand of digging (9)
 R - a wand of polymorph (6)
 T - a wand of flame (58)
Scrolls
 a - 2 scrolls of brand weapon
 b - 3 scrolls of fog
 k - 2 scrolls of fear
 m - 6 scrolls of blinking
 o - a scroll of torment {unknown}
 q - a scroll of acquirement
 x - 3 scrolls of magic mapping
 y - 2 scrolls of enchant weapon
 z - 15 scrolls of teleportation
 D - 5 scrolls of immolation
 U - 4 scrolls of amnesia {unknown}
 W - 3 scrolls of enchant armour {unknown}
 Z - 2 scrolls of holy word {unknown}
Potions
 d - 2 potions of brilliance
 h - 2 potions of might
 p - 5 potions of heal wounds
 r - 3 potions of resistance
 s - 2 potions of berserk rage
 v - 3 potions of flight
 B - 7 potions of curing
 G - a potion of invisibility
 I - a potion of haste
 J - 2 potions of mutation
 L - 2 potions of ambrosia
 P - 2 potions of magic {unknown}
 X - a potion of degeneration {unknown}
Miscellaneous
 e - a box of beasts
 g - a phantom mirror
 C - a phial of floods
 H - a lightning rod (4/4)
 S - a tin of tremorstones (2/2)
 Y - a condenser vane


   Skills:
 + Level 9.4 Fighting
 + Level 8.5 Staves
 + Level 7.8 Armour
 + Level 9.1 Dodging
 - Level 1.7 Stealth
 - Level 4.0 Shields
 + Level 9.1 Spellcasting
 + Level 7.7 Conjurations
 + Level 5.6 Hexes
 + Level 6.2 Necromancy
 + Level 9.6 Ice Magic
 + Level 11.4 Invocations
 + Level 9.3 Evocations


You had 6 spell levels left.
You knew the following spells:

 Your Spells              Type           Power      Damage    Failure   Level
a - Freeze                Ice            100%       1d11      1%          1
b - Frozen Ramparts       Ice            64%        1d8       1%          3
c - Ozocubu's Armour      Ice            32%        N/A       1%          3
d - Hailstorm             Conj/Ice       29%        3d8       1%          4
e - Simulacrum            Ice/Necr       13%        N/A       24%         6
f - Metabolic Englaciati  Hex/Ice        13%        N/A       4%          5
g - Summon Ice Beast      Ice/Summ       19%        N/A       4%          4

Your spell library contained the following spells:

 Spells                   Type           Power      Damage    Failure   Level
 Foxfire                  Conj/Fire      44%        2x1d6     1%          1
 Magic Dart               Conj           72%        1d6       1%          1
 Pain                     Necr           60%        1d7       1%          1
 Shock                    Conj/Air       44%        1d5       1%          1
 Ensorcelled Hibernation  Hex/Ice        52%        N/A       1%          2
 Slow                     Hex            14%        N/A       1%          2
 Confusing Touch          Hex            14%        N/A       1%          3
 Conjure Flame            Conj/Fire      11%        6-21      1%          3
 Dazzling Flash           Conj/Hex       32%        N/A       1%          3
 Stone Arrow              Conj/Erth      22%        3d8       1%          3
 Vampiric Draining        Necr           7%         2d7       1%          3
 Fulminant Prism          Conj/Hex       8%         3d7       1%          4
 Beastly Appendage        Tmut           8%         N/A       3%          1
 Sandblast                Erth           8%         2d5       3%          1
 Summon Small Mammal      Summ           16%        N/A       3%          1
 Inner Flame              Hex/Fire       9%         N/A       3%          3
 Mephitic Cloud           Conj/Pois/Air  8%         N/A       3%          3
 Portal Projectile        Hex/Tloc       18%        N/A       3%          3
 Summon Guardian Golem    Hex/Summ       9%         N/A       3%          3
 Cause Fear               Hex            7%         N/A       3%          4
 Ice Form                 Ice/Tmut       19%        N/A       4%          4
 Passwall                 Tmut/Erth      3%         N/A       5%          2
 Wereblood                Tmut           4%         N/A       5%          2
 Flame Wave               Conj/Fire      11%        3d4       8%          4
 Iskenderun's Mystic Bla  Conj/Tloc      11%        2d4       8%          4
 Sticky Flame             Conj/Fire      11%        2d3       8%          4
 Excruciating Wounds      Necr           7%         N/A       9%          5
 Freezing Cloud           Conj/Ice/Air   10%        6-21      10%         5
 Call Canine Familiar     Summ           4%         N/A       12%         3
 Gell's Gravitas          Tloc           2%         N/A       12%         3
 Ignite Poison            Fire/Tmut/Pois 4%         N/A       12%         3
 Lesser Beckoning         Tloc           4%         N/A       12%         3
 Spider Form              Tmut/Pois      2%         N/A       12%         3
 Teleport Other           Tloc           4%         N/A       12%         3
 Irradiate                Conj/Tmut      5%         3d15      22%         5
 Borgnjor's Vile Clutch   Necr/Erth      4%         N/A       32%         5
 Summon Mana Viper        Hex/Summ       9%         N/A       34%         5
 Yara's Violent Unravell  Hex/Tmut       4%         3d4       34%         5
 Passage of Golubria      Tloc           4%         N/A       38%         4
 Petrify                  Tmut/Erth      4%         N/A       38%         4
 Alistair's Intoxication  Tmut/Pois      2%         N/A       75%         5
 Blade Hands              Tmut           2%         N/A       75%         5
 Iron Shot                Conj/Erth      5%         9d2       78%         6
 Starburst                Conj/Fire      5%         6d4       78%         6
 Dispersal                Tloc           2%         N/A       99%         6
 Statue Form              Tmut/Erth      2%         N/A       99%         6
 Summon Cactus Giant      Summ           2%         N/A       99%         6
 Orb of Destruction       Conj           9%         9d4       82%         7
 Spellforged Servitor     Conj/Summ      5%         N/A       100%        7
 Summon Horrible Things   Summ           2%         N/A       100%        8
 Fire Storm               Conj/Fire      5%         8d2       100%        9
 Shatter                  Erth           2%         3d6*      100%        9


Dungeon Overview and Level Annotations

Branches:
Dungeon (15/15)            Temple (1/1) D:5            Lair (6/6) D:8
 Shoals (0/4) Lair:2       Spider (0/4) Lair:2        Slime (0/5) Lair:5
    Orc (2/2) D:10            Elf (0/3) Orc:2        Depths (0/4) D:15
Gauntlet (visited)
 Vaults: D:13-14

Altars:
Ashenzari
Cheibriados
Dithmenos
Elyvilon
Fedhas
Gozag
Hepliaklqana
Kikubaaqudgha
Makhleb
Nemelex Xobeh
Okawaru
Qazlal
Ru
Sif Muna
Trog
Uskayaw
Vehumet
Wu Jian
Xom
Yredelemnul
Zin
The Shining One
Beogh

Shops:
D:9 (   D:13 (*   D:15 *   Orc:2 =[=?(

Annotations:
D:13 3 runed translucent doors, exclusion: obsidian statue, Atlas's ghost, journeyman DgEE
Lair:2 3 runed translucent doors, Mium Ilu's ghost, journeyman MiFi


Innate Abilities, Weirdness & Mutations

You have very sharp fingernails.
A demonic guardian rushes to your aid.
You sometimes emit foul miasma when damaged in melee.
You are partially covered in razor-sharp scales. (AC +1, Slay +1)
[You have an uncontrollable temper.]
[You are very clumsy. (Dex -4)]
[Armour fits poorly on your strangely shaped body.]
[Your body often deteriorates upon taking damage.]
[You are very dopey. (Int -4)]
[You are extremely frail. (-30% HP)]
[Your magical capacity is extremely low. (-30% MP)]
[You frequently scream uncontrollably at your foes.]
[You do not regenerate when monsters are visible.]
[You are sometimes teleported next to monsters.]
[You are very weak. (Str -4)]
[Potions cannot restore your health.]
[Your spells are much easier to cast, but much less powerful.]
[You sometimes lose the ability to read scrolls when taking damage.]


Message History

You emit a cloud of foul miasma!
You blink.
Unknown command.
Casting: Frozen Ramparts (safe; 1% risk of failure)
Confirm with . or Enter, or press ? or * to list all spells.
Casting: Hailstorm (mildly dangerous; 1% risk of failure)
Press: ? - help, Dir - look around, f - activate You feel a surge of power!
A cannonade of hail descends around you!
The hail pelts the wizard!
The wizard is moderately wounded.
The spatial maelstrom is devoured by a tear in reality.
Casting: Hailstorm (mildly dangerous; 1% risk of failure)
Confirm with . or Enter, or press ? or * to list all spells.
Casting: Hailstorm (mildly dangerous; 1% risk of failure)
Press: ? - help, Dir - look around, f - activate You feel a surge of power!
A cannonade of hail descends around you!
The hail pelts the wizard!
The wizard is severely wounded.
The hail pelts the six-headed hydra!
The six-headed hydra is heavily wounded.
The six-headed hydra changes into a fire dragon!
Casting: Hailstorm (mildly dangerous; 1% risk of failure)
Confirm with . or Enter, or press ? or * to list all spells.
Casting: Hailstorm (mildly dangerous; 1% risk of failure)
Press: ? - help, Dir - look around, f - activate
Okay, then.
Casting: Hailstorm (mildly dangerous; 1% risk of failure)
Confirm with . or Enter, or press ? or * to list all spells.
Aiming: Freeze (safe; 1% risk of failure)
Press: ? - help, Shift-Dir - straight line, f - wizard
Aim: a wizard, wielding a +0 dagger and wearing a +0 robe (severely wounded)
You feel a surge of power!
You freeze the wizard.
The wizard is almost dead.
The wizard mumbles some strange words.
The wizard blinks!
Found 9 bolts.
The wizard hits you but does no damage. The fire dragon breathes flames at you.
The blast of flame hits you!
You die...

.....##......#
...####.....## ..(#
##......#
...###.....### ...
#......#####
...###...§...#>#
#.........☼§...####
.###.....§...D§.#.##
................@p.#
......?.........#..#
#######....######.....
###....# ......#
##...# ......# ##....
.....## ..##. .#....#
#.# ##.(... .


You could see a fire dragon shaped shifter (catching breath) and a wizard.

Vanquished Creatures
  Kirke (D:14)
  An ettin (Orc:2)
  A great orb of eyes (D:15)
  Harold (D:8)
  6 hydras
  A catoblepas (D:13)
  4 boulder beetles
  8 centaur warriors
  2 ogre magi
  3 two-headed ogres
  5 death yaks (Gauntlet)
  Sonja (D:10)
  A sea snake (shapeshifter) (D:15)
  A skeletal warrior (D:15)
  3 orc knights
  A wizard (D:13)
  3 deep elf pyromancers
  10 ugly things
  7 orc sorcerers (Orc:2)
  2 cyclopes
  4 manticores
  3 merfolk sirens (Lair:2)
  The ghost of Xenoroth the Blocker, a novice GrFi of Hepliaklqana (D:6)
  4 black mambas
  2 torpor snails
  An eye of devastation (Gauntlet)
  2 gargoyles
  The ghost of Leeroy the Carver, a novice BaCA of Ignis (D:5)
  6 komodo dragons
  2 unseen horrors
  4 rime drakes
  A rime drake (shapeshifter) (D:14)
  5 yaktaurs (D:15)
  17 cane toads
  An unseen horror (shapeshifter) (D:8)
  An efreet (D:10)
  Psyche (D:12)
  2 tengu conjurers (D:13)
  2 kobold demonologists
  3 polar bears
  A queen bee (Gauntlet)
  A troll (shapeshifter) (D:8)
  A merfolk (Lair:2)
  2 tyrant leeches (Lair:6)
  A meliai (D:15)
  8 trolls
  17 blink frogs
  6 dream sheep (Lair:3)
  8 slime creatures
  A centaur simulacrum (D:13)
  2 vampires
  A wraith (D:12)
  36 yaks
  3 wyverns
  A golden eye (Gauntlet)
  2 basilisks
  4 hogs (D:14)
  2 steam dragons
  15 vampire mosquitoes
  5 large abominations (D:13)
  4 wargs
  An acid dragon (D:12)
  15 water moccasins
  An ice beast (D:6)
  A nameless horror (Orc:2)
  26 orc warriors
  2 sky beasts
  6 necrophages
  2 black bears
  31 wolves
  4 centaurs
  12 ogres
  3 kobold brigands
  13 bullfrogs
  A gnoll sergeant (D:8)
  A scorpion (D:5)
  A water moccasin skeleton (D:6)
  12 killer bees
  9 wights
  A howler monkey (D:10)
  7 electric eels
  4 centaur zombies
  7 small abominations (D:13)
  8 hounds
  10 orc priests
  A centaur skeleton (D:6)
  A gnoll shaman (D:6)
  An iguana (D:6)
  13 jellies (Lair:5)
  40 orc wizards
  A killer bee zombie (D:7)
  A hound skeleton (D:2)
  A mummy (D:5)
  3 howler monkey zombies
  8 adders
  15 gnolls
  A shadow imp (D:7)
  A white imp (D:7)
  2 ufetubi
  An adder skeleton (D:4)
  2 worms (D:2)
  A dart slug (D:1)
  81 orcs
  6 endoplasms
  5 giant cockroaches
  9 goblins
  9 hobgoblins
  2 quokkas
  5 ball pythons
  9 bats
  3 frilled lizards
  27 kobolds
  6 rats
  A bush (Lair:4)
680 creatures vanquished.

Vanquished Creatures (collateral kills)
  A minotaur (Gauntlet)
  A hydra (D:14)
  An ogre mage (Orc:2)
  A centaur warrior (D:14)
  An orc high priest (Orc:2)
  Nergalle (Orc:2)
  An orc knight (Orc:2)
  An ugly thing (D:14)
  A manticore (D:15)
  3 cane toads (Lair:6)
  A rime drake (Lair:2)
  A tyrant leech (Lair:6)
  A troll (D:13)
  A blink frog (Lair:2)
  A yak (D:10)
  A vampire mosquito (D:13)
  A basilisk (Lair:6)
  2 acid dragons
  A water moccasin (Lair:2)
  3 orc warriors
  An ice beast (D:7)
  A bullfrog (Lair:2)
  A wyvern skeleton (D:7)
  2 water moccasin skeletons
  A wight (D:6)
  A bullfrog zombie (D:5)
  5 orc wizards
  A hound zombie (D:5)
  A gnoll (Orc:2)
  A white imp (D:8)
  A worm (D:2)
  A dart slug (D:3)
  An orc (Orc:1)
  A giant cockroach (D:1)
44 creatures vanquished.

Vanquished Creatures (others)
  A human (D:14)
  A kobold (D:4)
  24 fungi
  157 plants
  2 withered plants (D:6)
185 creatures vanquished.

Grand Total: 909 creatures vanquished

Notes
Turn   | Place    | Note
-------+----------+-------------------------------------------
     0 | D:1      | siradein the Demonspawn Ice Elementalist began the quest
                  | for the Orb.
     0 | D:1      | Reached XP level 1. HP: 13/13 MP: 3/3
    16 | D:1      | You fall into a shaft and drop 1 floor!
   218 | D:2      | Gained mutation: A weak demonic guardian rushes to your
                  | aid. [demonic ancestry]
   218 | D:2      | Reached XP level 2. HP: 8/19 MP: 0/5
   516 | D:1      | Found a faded altar of an unknown god.
   815 | D:1      | Reached XP level 3. HP: 24/24 MP: 3/6
  1386 | D:2      | Learned a level 3 spell: Frozen Ramparts
  1390 | D:2      | Learned a level 3 spell: Ozocubu's Armour
  1611 | D:2      | Gained mutation: You have sharp fingernails. [demonic
                  | ancestry]
  1611 | D:2      | Reached XP level 4. HP: 30/30 MP: 4/8
  3326 | D:4      | Reached XP level 5. HP: 29/36 MP: 5/9
  3745 | D:4      | Reached skill level 1 in Staves
  3766 | D:4      | HP: 1/36 [water moccasin skeleton (3)]
  3770 | D:4      | Reached skill level 1 in Fighting
  3770 | D:4      | Reached skill level 1 in Evocations
  4372 | D:4      | Gained mutation: You may rarely emit foul miasma when
                  | damaged in melee. [demonic ancestry]
  4372 | D:4      | Reached XP level 6. HP: 43/43 MP: 1/11
  5048 | D:4      | Gained mutation: You have very sharp fingernails. [demonic
                  | ancestry]
  5048 | D:4      | Reached XP level 7. HP: 50/50 MP: 6/12
  5486 | D:4      | Identified a scroll of acquirement
  5546 | D:5      | Entered Level 5 of the Dungeon
  5924 | D:5      | Found a transporter.
  5951 | D:5      | Found a transporter.
  5971 | D:5      | Noticed Leeroy's ghost (novice BaCA)
  6168 | D:5      | Reached skill level 5 in Ice Magic
  6409 | D:5      | Found a staircase to the Ecumenical Temple.
  6414 | Temple   | Entered the Ecumenical Temple
  6589 | Temple   | Became a worshipper of Makhleb the Destroyer
  7182 | D:4      | Learned a level 4 spell: Hailstorm
  7325 | D:6      | Reached skill level 1 in Invocations
  7496 | D:6      | Reached XP level 8. HP: 24/57 MP: 7/14
  7730 | D:6      | Reached skill level 2 in Invocations
  7948 | D:6      | Found a runed translucent door.
  7948 | D:6      | Noticed Xenoroth's ghost (novice GrFi)
  8074 | D:6      | Noticed a two-headed ogre
  8514 | D:7      | Found a radiant altar of Vehumet.
  8517 | D:7      | Noticed an unseen horror
  8526 | D:7      | Killed an unseen horror
  8650 | D:7      | Reached skill level 1 in Armour
  8853 | D:7      | Reached skill level 3 in Invocations
  9525 | D:7      | Reached XP level 9. HP: 61/65 MP: 11/16
  9687 | D:7      | Reached skill level 5 in Spellcasting
 10165 | D:6      | Killed a two-headed ogre
 10166 | D:6      | Reached skill level 5 in Dodging
 10166 | D:6      | Reached skill level 4 in Invocations
 10478 | D:6      | Reached * piety under Makhleb
 11401 | D:8      | Noticed Harold
 12062 | D:8      | Killed Harold
 12063 | D:8      | Reached skill level 1 in Conjurations
 12063 | D:8      | Reached skill level 5 in Invocations
 12122 | D:8      | HP: 3/67 [centaur/arrow (7)]
 12468 | D:8      | Noticed a troll
 12468 | D:8      | Noticed a two-headed ogre
 12828 | D:7      | Killed a two-headed ogre
 12829 | D:7      | Reached skill level 5 in Fighting
 12829 | D:7      | Reached skill level 5 in Evocations
 12829 | D:7      | Gained mutation: You sometimes emit foul miasma when
                  | damaged in melee. [demonic ancestry]
 12829 | D:7      | Reached XP level 10. HP: 39/74 MP: 9/18
 13734 | D:8      | Found a staircase to the Lair.
 15913 | D:8      | Noticed a purple ugly thing
 15914 | D:8      | Noticed a fire crab
 15914 | D:8      | Noticed a centaur warrior
 15914 | D:8      | Noticed an eight-headed hydra
 15941 | D:8      | Killed a purple ugly thing
 15942 | D:8      | Reached skill level 5 in Staves
 15942 | D:8      | Reached skill level 6 in Invocations
 16098 | D:5      | Killed Leeroy's ghost
 16099 | D:5      | Reached skill level 1 in Shields
 16485 | D:6      | Killed Xenoroth's ghost
 16585 | D:9      | Reached ** piety under Makhleb
 16589 | D:9      | Reached XP level 11. HP: 59/81 MP: 20/20
 16854 | D:9      | Found Qoin's Weapon Emporium.
 17992 | D:10     | Entered Level 10 of the Dungeon
 18007 | D:10     | Noticed a boulder beetle
 18032 | D:10     | Killed a boulder beetle
 18384 | D:10     | Reached skill level 7 in Invocations
 18502 | D:10     | Noticed Sonja
 18521 | D:10     | Killed Sonja
 18686 | D:10     | Noticed an ogre mage
 18696 | D:10     | Killed an ogre mage
 18711 | D:10     | Noticed a deep elf pyromancer
 18760 | D:10     | Identified the +11 scale mail of Patience {*Slow Int+6}
 18762 | D:10     | Reached *** piety under Makhleb
 18836 | D:10     | Killed a deep elf pyromancer
 19465 | D:10     | Found a staircase to the Orcish Mines.
 20131 | D:11     | Reached **** piety under Makhleb
 20204 | D:11     | Reached XP level 12. HP: 84/89 MP: 22/22
 20305 | D:11     | Found a portal to a secret trove of treasure.
 20441 | D:11     | Reached skill level 5 in Armour
 20536 | D:11     | Upgraded the game from 0.28-a0-726-g4a9143789a to
                  | 0.28-a0-730-g892d06dc2c
 20800 | Lair:1   | Entered Level 1 of the Lair of Beasts
 21197 | Lair:1   | Reached skill level 8 in Invocations
 22285 | Lair:2   | Noticed Mium Ilu's ghost (journeyman MiFi)
 22286 | Lair:2   | Noticed a minotaur
 22286 | Lair:2   | Noticed a death yak
 22296 | Lair:2   | Found a hole to the Spider Nest.
 22739 | Lair:2   | Found a runed translucent gate.
 22739 | Lair:2   | Found a runed translucent gate.
 22739 | Lair:2   | Found a runed translucent gate.
 22775 | Lair:2   | Noticed a five-headed hydra
 22776 | Lair:2   | Reached skill level 5 in Conjurations
 23040 | Lair:2   | Learned a level 6 spell: Simulacrum
 23046 | Lair:2   | Learned a level 5 spell: Metabolic Englaciation
 23098 | Lair:2   | Killed a five-headed hydra
 23221 | Lair:2   | Found a staircase to the Shoals.
 23788 | Lair:3   | Reached skill level 1 in Necromancy
 23793 | Lair:3   | Reached skill level 1 in Hexes
 24341 | D:9      | Bought the +11 arbalest of Xeataf {penet, Will+ rCorr Int+4
                  | Stlth+} for 1051 gold pieces
 24421 | D:11     | You paid a toll of the arbalest of Xeataf to enter a
                  | treasure trove
 24422 | Trove    | Entered a treasure trove
 24430 | Trove    | Got Sif Muna's Guide on Lethal Confrontation
 24433 | Trove    | Got Sif Muna's Volume of the Glacier and the Entourage
 24455 | Trove    | Got the Almanac of Enthralling Transmigration
 24463 | Trove    | Got Sif Muna's Disquisition on the Snowflakes and
                  | Confrontation
 24472 | Trove    | Got the Tome of the Volcanoes and Clay
 24482 | Trove    | Got Sif Muna's Reference Book on Shape Shifting and Cold
 24485 | Trove    | Got Lueneiff's Disquisition on the Ensnaring Compass
 24725 | Lair:3   | Gained mutation: A demonic guardian rushes to your aid.
                  | [demonic ancestry]
 24725 | Lair:3   | Reached XP level 13. HP: 72/96 MP: 14/24
 25001 | Lair:3   | Learned a level 4 spell: Summon Ice Beast
 25599 | Lair:4   | Reached skill level 9 in Invocations
 26385 | Lair:5   | Found a staircase to the Slime Pits.
 26681 | Lair:5   | Reached ***** piety under Makhleb
 27131 | Lair:6   | Entered Level 6 of the Lair of Beasts
 29838 | Orc:1    | Entered Level 1 of the Orcish Mines
 30101 | Orc:1    | Gained mutation: You are partially covered in razor-sharp
                  | scales. (AC +1, Slay +1) [demonic ancestry]
 30101 | Orc:1    | Reached XP level 14. HP: 66/105 MP: 10/26
 30118 | Orc:1    | Reached ****** piety under Makhleb
 30605 | Orc:2    | Entered Level 2 of the Orcish Mines
 31008 | Orc:2    | Reached skill level 10 in Invocations
 31546 | Orc:2    | Found a staircase to the Elven Halls.
 31583 | Orc:2    | Found Seacyg's Jewellery Shop.
 31732 | Orc:2    | Found a radiant altar of Vehumet.
 31834 | Orc:2    | Found Acvann's Antique Weapon Shop.
 31853 | Orc:2    | Noticed Nergalle
 32214 | Orc:2    | Found Muecvimuum's Jewellery Shoppe.
 32371 | Orc:2    | Bought a ring of wizardry for 480 gold pieces
 32550 | Orc:2    | Killed Nergalle
 32749 | Orc:2    | Found an ancient bone altar of Kikubaaqudgha.
 32788 | Orc:2    | Found Hibbourch's Antique Armour Boutique.
 32839 | Orc:2    | Found Zulipiwa's Magic Scroll Boutique.
 32859 | Orc:2    | Bought a scroll of identify for 24 gold pieces
 32859 | Orc:2    | Bought a scroll of identify for 24 gold pieces
 32859 | Orc:2    | Bought a scroll of identify for 24 gold pieces
 32859 | Orc:2    | Bought a scroll of identify for 24 gold pieces
 33167 | D:12     | Identified the +2 pair of boots of Parts Unknown {rC+
                  | Dex+3}
 33908 | D:12     | Noticed Psyche
 33928 | D:12     | Killed Psyche
 34713 | D:13     | Found Celenn's Antique Weapon Shop.
 34781 | D:13     | Found a gate leading to a gauntlet.
 34792 | D:13     | Reached skill level 5 in Necromancy
 34815 | Gauntlet | Entered a Gauntlet
 34815 | Gauntlet | Found a transporter.
 34815 | Gauntlet | Found a transporter.
 34933 | Gauntlet | Found a transporter.
 34937 | Gauntlet | Found a transporter.
 34945 | Gauntlet | Found a transporter.
 34949 | Gauntlet | Found a transporter.
 34953 | Gauntlet | Found a runed translucent door.
 34955 | Gauntlet | Found a runed translucent door.
 34957 | Gauntlet | Found a transporter.
 34974 | Gauntlet | Found a transporter.
 34991 | Gauntlet | Found a transporter.
 34992 | Gauntlet | Found a transporter.
 35000 | Gauntlet | Found a transporter.
 35004 | Gauntlet | Found a transporter.
 35517 | Gauntlet | Got Toatof's Tome of Supportive Flames
 35527 | Gauntlet | Identified the amulet of Pride {Acrobat *Slow rElec rC+
                  | rCorr}
 35999 | Gauntlet | Got the Guide on Quantum Feathers
 36305 | D:13     | Reached skill level 5 in Hexes
 36492 | D:13     | Reached XP level 15. HP: 103/113 MP: 17/27
 36812 | D:13     | Found a runed translucent gate.
 36812 | D:13     | Found an opulent altar of Gozag.
 36812 | D:13     | Found a runed translucent gate.
 36812 | D:13     | Found a runed translucent gate.
 36813 | D:13     | Noticed a storm dragon
 36814 | D:13     | Found Jappuent's Assorted Antiques.
 36814 | D:13     | Noticed Atlas's ghost (journeyman DgEE)
 37144 | D:13     | You fall into a shaft and drop 2 floors!
 37144 | D:15     | Entered Level 15 of the Dungeon
 37251 | D:15     | Reached skill level 11 in Invocations
 37395 | D:15     | Found a staircase to the Depths.
 38210 | D:15     | Identified the +1 ring mail of the Big Bang {rElec rPois
                  | MP-9 Str+3}
 38411 | D:15     | Found Ynijepem's Assorted Antiques.
 39401 | D:14     | Noticed Kirke
 39408 | D:14     | Noticed a sphinx
 39410 | D:14     | Paralysed by a sphinx for 3 turns
 39416 | D:14     | Noticed a sphinx
 39426 | D:14     | Killed Kirke
 39806 | D:14     | Cast into level 3 of the Abyss (a wizard)
 39806 | Abyss:3  | Found a hide-covered altar of Uskayaw.
 39871 | Abyss:3  | Found a hide-covered altar of Uskayaw.
 39910 | D:14     | Escaped the Abyss
 39911 | D:14     | HP: 3/79 [spatial maelstrom (11)]
 39915 | D:14     | Killed from afar by a fire dragon (glowing shapeshifter)

Illustrated notes

Levels and vault maps discovered:
D:1:      amcnicky_arrival_flooded_fountain, layout_basic,
          shapermc_ecumenical_altar_mp_ritualfount
D:2:      layout_rooms, minmay_split_cup_small
D:3:      layout_rooms, chequers_serial_rivers_large_b
D:4:      kennysheep_kobold_camp, layout_loops_corners, minmay_misc_feat_room,
          chequers_serial_rivers_micro_a
D:5:      layout_rooms, minmay_temple_entry_crystal_x,
          gammafunk_ghost_mausoleum, roderic_serpentine_path
D:6:      layout_layer_cave, gammafunk_ghost_grave
D:7:      layout_loops_ring, nicolae_vehumet_radiance, serial_bayou,
          serial_bayou_pond_e, serial_bayou_ford_a, serial_bayou_pond_a,
          serial_bayou_shore_b
D:8:      minmay_chambers_of_sevens, layout_layer_cave, erik_lair_island,
          kennysheep_potato, uniq_harold
D:9:      layout_loops_ring, serial_shops, nicolae_stop_n_shop_2,
          dk_rats_in_the_wall
D:10:     layout_roguey, erik_orc_2, minmay_diamond_spiral, uniq_sonja
D:11:     layout_rooms, enter_trove_0
D:12:     layout_rooms, serial_glass, glass_columns_b, glass_columns_c,
          uniq_psyche
D:13:     layout_irregular_city, gauntlet_entry_generic, serial_shops,
          nicolae_shop_statue_plus, ebering_ghost_gozag, laboratory
D:14:     kennysheep_bubbly, layout_cave_pools, david_vaults_4, special_room
          [special_room_orc], ebering_dispersal_statue_hall, hangedman_ranch,
          uniq_frances, uniq_kirke
D:15:     gammafunk_enter_depths_forms, layout_layer_cave, serial_shops,
          shop_fountains, minmay_misc_feat_four_crosses, minmay_diced_spiral
Temple:   kilobyte_greek_temple
Lair:1:   layout_gridlike, infiniplex_staircase_pool, serial_bayou_shore_b,
          grunt_megastairs_3, lemuel_fruit_tree
Lair:2:   layout_hall_layers, elwin_shoals_entry_stream, spider_nest_entry_a,
          maelrawn_ghost_gauntlet_escape, st_stairs_13
Lair:3:   layout_regular_city
Lair:4:   layout_small_grid, serial_forest, infiniplex_forest_end_2,
          infiniplex_forest_lined_4_way, infiniplex_forest_lined_3,
          infiniplex_forest_lined_room_3, infiniplex_forest_clump_small,
          infiniplex_forest_straight_4, infiniplex_forest_straight_5
Lair:5:   layout_small_grid, minmay_slime_entry_jelly_boxes,
          roderic_carrion_pond
Lair:6:   minmay_lair_end_frog_pond, layout_gridlike, serial_bayou_pond_c,
          infiniplex_staircase_pool_2
Orc:1:    layout_caves
Orc:2:    kennysheep_orc_mage_school, layout_diamond_mine, serial_shops,
          nicolae_shop_behind_doors

Skill      XL: |  1  2  3  4  5  6  7  8  9 10 11 12 13 14 15 |
---------------+----------------------------------------------+-----
Dodging        | 2 3 4 5 6 7 8 9 |  9.1
Ice Magic      | 4 5 6 7 8 9 |  9.6
Spellcasting   | 3 4 5 6 7 8 9 |  9.1
Staves         | 1 2 3 4 5 6 7 8 |  8.5
Fighting       | 1 2 3 5 6 7 8 9 |  9.4
Evocations     | 1 2 3 5 6 7 8 9 |  9.3
Invocations    | 1 3 5 6 7 8 9 10 11 | 11.4
Armour         | 1 3 4 5 6 7 |  7.8
Conjurations   | 1 3 4 5 6 7 |  7.7
Shields        | 1 3 4 |  4.0
Necromancy     | 1 3 5 6 |  6.2
Hexes          | 1 3 5 |  5.6
Stealth        | |  1.7

Action                   |  1- 3 |  4- 6 |  7- 9 | 10-12 | 13-15 || total
-------------------------+-------+-------+-------+-------+-------++-------
Melee: Unarmed           |    23 |       |       |       |       ||    23
       Short sword       |    19 |       |       |       |       ||    19
       Staff             |       |   104 |   379 |   330 |  1002 ||  1815
       Mace              |       |     1 |       |       |       ||     1
       Trident           |       |       |       |    90 |       ||    90
Throw: Dart              |       |       |       |    23 |       ||    23
 Cast: Freeze            |    55 |    73 |    64 |   135 |    85 ||   412
       Frozen Ramparts   |       |     5 |    22 |    62 |    85 ||   174
       Ozocubu's Armour  |       |       |    17 |    32 |    54 ||   103
       Hailstorm         |       |       |       |    24 |    52 ||    76
       Summon Ice Beast  |       |       |       |       |    11 ||    11
       Metabolic Englaci |       |       |       |       |     6 ||     6
Invok: Lesser Servant of |       |       |       |     1 |       ||     1
Evoke: Tin of tremorston |       |       |       |       |     1 ||     1
  Use: Scroll            |       |       |     5 |     8 |    13 ||    26
       Potion            |       |       |       |       |     2 ||     2
 Stab: Sleeping          |       |     1 |       |     1 |     2 ||     4
       Distracted        |       |       |     2 |     1 |     3 ||     6
Armor: Robe              |    11 |       |       |       |       ||    11
       Leather armour    |     8 |    50 |    99 |    58 |       ||   215
       Ring mail         |       |       |    15 |       |       ||    15
       Steam dragon scal |       |       |       |   138 |   193 ||   331
       Acid dragon scale |       |       |       |       |   248 ||   248
Dodge: Dodged            |    77 |   118 |   250 |   311 |   713 ||  1469
Block: Other             |       |    15 |   101 |     4 |       ||   120
       Reflection        |       |     2 |     3 |     5 |    17 ||    27
       Buckler           |       |       |       |   276 |   638 ||   914

Table legend: (Time is in decaauts)
 A = Elapsed time spent in this place.
 B = Non-inter-level travel time spent in this place.
 C = Inter-level travel time spent in this place.
 D = Time resting spent in this place.
 E = Time spent auto-exploring this place.
 F = Levels seen in this place.
 G = Mean time per level.
                   A        B        C        D        E       F      G
               +--------+--------+--------+--------+--------+-----+--------+
         Total |  39890 |  37977 |   1913 |   4396 |  24718 |  27 | 1477.4 |
       Dungeon |  26606 |  25194 |   1412 |   3522 |  15895 |  15 | 1773.7 |
        Temple |    209 |    209 |      0 |      0 |    149 |   1 |  209.0 |
          Lair |   8595 |   8190 |    405 |    322 |   6054 |   6 | 1432.5 |
  Orcish Mines |   3101 |   3006 |     95 |     50 |   2248 |   2 | 1550.5 |
         Abyss |    103 |    103 |      0 |      0 |      0 |   1 |  103.0 |
         Trove |     88 |     88 |      0 |      0 |     53 |   1 |   88.0 |
      Gauntlet |   1184 |   1184 |      0 |    502 |    319 |   1 | 1184.0 |
               +--------+--------+--------+--------+--------+-----+--------+

Top non-repeatable levels by time:
     D:8: 4129 daAuts
     D:7: 2826 daAuts
     D:4: 2539 daAuts
  Lair:6: 2484 daAuts
    D:10: 2330 daAuts
   Orc:2: 2328 daAuts
     D:6: 2122 daAuts
     D:5: 2006 daAuts
    D:13: 1896 daAuts
  Lair:2: 1544 daAuts
     D:9: 1502 daAuts
  Lair:1: 1468 daAuts
     D:2: 1408 daAuts
    D:15: 1354 daAuts
  Lair:4: 1235 daAuts
